 Dungeon Crawl Stone Soup version 0.18.1-2-ga659475 (webtiles) character file.

957 Mefis the Magician (level 7, -6/36 HPs)
             Began as a Deep Elf Wizard on May 8, 2016.
             Was a Follower of Sif Muna.
             Killed from afar by Hipnos's ghost (23 damage)
             ... with a fireball
             ... on level 6 of the Dungeon.
             The game lasted 00:16:52 (5424 turns).

Mefis the Magician (Deep Elf Wizard)                Turns: 5424, Time: 00:16:53

Health: -6/36      AC:  7    Str:  4    XL:     7   Next: 91%
Magic:  5/26       EV: 14    Int: 25    God:    Sif Muna [*.....]
Gold:   252        SH:  0    Dex: 13    Spells: 6 memorised, 4 levels left

rFire  . . .     SeeInvis .     x - +4 dagger (drain)
rCold  . . .     Gourm    .     a - +0 robe
rNeg   . . .     Faith    .     (no shield)
rPois  .         Spirit   .     q - +0 helmet
rElec  .         Dismiss  .     r - +0 cloak
rCorr  .         Reflect  .     y - +2 pair of gloves
SustAt .         Harm     .     (no boots)
MR     .....                    s - amulet of regeneration
Stlth  +++.......               (no ring)
                                v - ring of magical power

@: repel missiles, not resistant to hostile enchantments, fairly stealthy
A: no striking features
a: Channel Energy, Renounce Religion


You were on level 6 of the Dungeon.
You worshipped Sif Muna.
Sif Muna was aware of your devotion.
You were not hungry.

You visited 2 branches of the dungeon, and saw 7 of its levels.

You collected 252 gold pieces.

Inventory:

Hand Weapons
 g - a +0 short sword
 k - a +0 dagger
 x - a +4 dagger of draining (weapon)
Missiles
 f - a throwing net (quivered)
 p - 34 sling bullets
 u - 10 arrows
Armour
 a - a +0 robe (worn)
 b - a +0 hat
 q - a +0 helmet (worn)
 r - a +0 cloak (worn)
 y - a +2 pair of gloves (worn)
Jewellery
 s - an amulet of regeneration (around neck)
 v - a ring of magical power (left hand)
Scrolls
 e - a scroll of blinking
 i - a scroll of random uselessness {unknown}
 l - 2 scrolls of teleportation {unknown}
 n - a scroll of enchant armour
 t - a scroll of immolation {unknown}
 z - a scroll of recharging {unknown}
 A - a scroll of magic mapping {unknown}
Potions
 j - a potion of curing
 w - a potion of flight {unknown}
Books
 c - a book of Minor Magic

   Spells                             Type                      Level
   a - Magic Dart                     Conjuration                  1
   b - Blink                          Translocation                2
   c - Call Imp                       Summoning                    2
   d - Repel Missiles                 Charms/Air                   2
   e - Slow                           Hexes                        2
   f - Conjure Flame                  Conjuration/Fire             3
   g - Mephitic Cloud                 Conjuration/Poison/Air       3
Miscellaneous
 B - a plain deck of changes
Comestibles
 d - 2 bread rations
 h - 2 slices of pizza
 m - a meat ration
 o - 4 fruits


   Skills:
 + Level 4.1 Dodging
 + Level 5.0 Stealth
 + Level 5.9 Spellcasting
 + Level 4.2 Conjurations
 + Level 3.6 Summonings
 + Level 2.7 Translocations
 + Level 2.9 Fire Magic
 + Level 2.6 Poison Magic
 + Level 2.0 Invocations


You had 4 spell levels left.
You knew the following spells:

 Your Spells              Type           Power        Failure   Level  Hunger
a - Magic Dart            Conj           ####         1%          1    None
b - Call Imp              Summ           ####....     2%          2    None
c - Blink                 Tloc           N/A          4%          2    None
d - Repel Missiles        Chrm/Air       #.....       14%         2    None
e - Mephitic Cloud        Conj/Pois/Air  ###.....     12%         3    #......
f - Conjure Flame         Conj/Fire      ####....     6%          3    #......


Dungeon Overview and Level Annotations

Branches:
Dungeon (6/15)             Temple (1/1) D:4

Altars:
Ashenzari
Cheibriados
Dithmenos
Elyvilon
Gozag
Nemelex Xobeh
Pakellas
Qazlal
Sif Muna
Trog
Vehumet
Yredelemnul
The Shining One

Shops:
D:5 :

Annotations:
D:5 Edmund
D:6 Hipnos's ghost, novice DEFE


Message History

Confirm with . or Enter, or press ? or * to list all spells.
Aiming: Magic Dart
Press: ? - help, Shift-Dir - straight line, f - Hipnos's ghost
Aim: Hipnos's ghost, wielding a vorpal weapon The magic dart hits Hipnos's ghost.
Hipnos's ghost is lightly damaged.
Hipnos's ghost points at you and mumbles some strange words.
The puff of flame hits you!
Casting: Magic Dart
Confirm with . or Enter, or press ? or * to list all spells.
Aiming: Magic Dart
Press: ? - help, Shift-Dir - straight line, f/p - Hipnos's ghost
Aim: Hipnos's ghost, wielding a vorpal weapon (lightly damaged)
The magic dart hits Hipnos's ghost.
Hipnos's ghost is moderately damaged.
Hipnos's ghost says, "The agents of utter destruction are not stopped by death."
Hipnos's ghost gestures at you while chanting.
The fireball explodes!
The fireball engulfs you!
Ouch! That really hurt!
You die...

#.# #.# #W#
#####.######
#..........#
#..........#
#..........#
#..........#
#...@......#
#........<.#
#.>........#
#..........#
############


You could see Hipnos's ghost.

Vanquished Creatures
  Grinder (D:4)
  An ice beast (D:6)
  A phantom (D:4)
  An ogre (D:4)
  A giant frog (D:6)
  A howler monkey (D:4)
  A centaur zombie (D:3)
  2 jellies (D:4)
  An orc priest (D:3)
  A giant frog skeleton (D:4)
  An orc wizard (D:3)
  2 worker ants
  6 gnolls (D:4)
  4 adders
  An ooze (D:3)
  An adder skeleton (D:4)
  5 worms
  5 dart slugs
  4 giant geckos
  8 orcs
  2 ball pythons (D:1)
  4 giant cockroaches
  7 goblins
  11 hobgoblins
  6 jackals
  8 kobolds
  2 quokkas
  7 bats
  3 giant newts
  A jackal skeleton (D:4)
  11 rats
  A spectral orc (D:2)
111 creatures vanquished.

Notes
Turn   | Place    | Note
--------------------------------------------------------------
     0 | D:1      | Mefis the Deep Elf Wizard began the quest for the Orb.
     0 | D:1      | Reached XP level 1. HP: 10/10 MP: 7/7
   369 | D:1      | Reached XP level 2. HP: 7/15 MP: 0/9
   373 | D:1      | Learned a level 2 spell: Call Imp
   376 | D:1      | Learned a level 2 spell: Blink
   379 | D:1      | Learned a level 2 spell: Repel Missiles
   965 | D:1      | Reached XP level 3. HP: 19/19 MP: 6/11
  1592 | D:2      | Reached skill level 5 in Spellcasting
  1696 | D:2      | Found a basalt altar of Yredelemnul.
  1943 | D:2      | Reached XP level 4. HP: 24/24 MP: 5/13
  2063 | D:2      | Found a shattered altar of Ashenzari.
  2219 | D:2      | Noticed a moth of wrath
  2222 | D:2      | Found a bloodstained altar of Trog.
  2239 | D:2      | Learned a level 3 spell: Mephitic Cloud
  2243 | D:2      | Learned a level 3 spell: Conjure Flame
  3056 | D:3      | Reached XP level 5. HP: 26/28 MP: 5/14
  3210 | D:3      | Found a deep blue altar of Sif Muna.
  3218 | D:3      | Became a worshipper of Sif Muna the Loreminder
  3409 | D:3      | Reached skill level 1 in Fire Magic
  3409 | D:3      | Reached skill level 1 in Poison Magic
  3745 | D:4      | Noticed Grinder
  3900 | D:4      | Reached XP level 6. HP: 32/32 MP: 16/16
  4163 | D:4      | Found a staircase to the Ecumenical Temple.
  4189 | Temple   | Entered the Ecumenical Temple
  4488 | D:4      | Killed Grinder
  4488 | D:4      | Reached skill level 1 in Invocations
  4488 | D:4      | Reached XP level 7. HP: 32/36 MP: 17/17
  4607 | D:4      | Found a sparkling altar of Nemelex Xobeh.
  4663 | D:4      | Reached * piety under Sif Muna
  5241 | D:5      | Entered Level 5 of the Dungeon
  5241 | D:5      | Noticed Edmund
  5243 | D:5      | Found a snail-covered altar of Cheibriados.
  5258 | D:5      | Found Lirhodick's Book Boutique.
  5274 | D:5      | Found a shattered altar of Ashenzari.
  5376 | D:6      | Found a radiant altar of Vehumet.
  5377 | D:6      | Noticed Hipnos's ghost (novice DEFE)
  5399 | D:6      | Reached skill level 5 in Stealth
  5424 | D:6      | Killed from afar by Hipnos's ghost

Skill      XL: |  1  2  3  4  5  6  7 |
---------------+----------------------+-----
Stealth        | 3 4 5 |  5.0
Conjurations   | 2 3 4 |  4.2
Spellcasting   | 5 |  5.9
Dodging        | 3 4 |  4.1
Summonings     | 2 3 |  3.6
Fire Magic     | 1 2 |  2.9
Poison Magic   | 1 2 |  2.6
Invocations    | 1 2 |  2.0
Translocations | 2 |  2.7

Action                   |  1- 3 |  4- 6 |  7- 9 || total
-------------------------+-------+-------+-------++-------
Melee: Unarmed           |     4 |       |       ||     4
       Short sword       |     3 |       |       ||     3
       Dagger            |     3 |     9 |     3 ||    15
Throw: Throwing net      |     3 |       |       ||     3
 Cast: Magic Dart        |   113 |   163 |    72 ||   348
       Repel Missiles    |     1 |     1 |     1 ||     3
       Mephitic Cloud    |       |     5 |     4 ||     9
       Blink             |       |     2 |     4 ||     6
       Call Imp          |       |     3 |       ||     3
       Conjure Flame     |       |     1 |     5 ||     6
Invok: Channel Energy    |       |       |     2 ||     2
  Use: Scroll            |       |     8 |       ||     8
 Stab: Sleeping          |     2 |     1 |     3 ||     6
  Eat: Chunk             |     3 |     5 |       ||     8
       Bread ration      |       |     1 |     1 ||     2
Armor: Robe              |    14 |    10 |     6 ||    30
Dodge: Dodged            |    46 |    33 |    19 ||    98
       Deflected         |     1 |     1 |     1 ||     3
